 Dungeon Crawl Stone Soup version 0.30-a0-986-g7f2e898f52 (webtiles) character file.

Game seed: 18239037751921127964

302 ytrimaz the Trooper (level 6, -7/55 HPs)
             Began as a Formicid Fighter on Apr 2, 2023.
             Mangled by Blork the orc
             ... wielding a +0 halberd
              (14 damage)
             ... on level 5 of the Dungeon.
             The game lasted 00:03:49 (3677 turns).

ytrimaz the Trooper (Formicid Fighter)              Turns: 3677, Time: 00:03:50

Health: -7/55      AC:  8    Str: 23    XL:     6   Next: 65%
Magic:  6/6        EV:  9    Int:  7    God:
Gold:   282        SH:  5    Dex: 13    Spells: 5/5 levels left

rFire   . . .      SeeInvis +    a - +0 war axe (heavy)
rCold   . . .      Faith    .    c - +0 buckler
rNeg    . . .      Spirit   .    b - +0 scale mail
rPois   .          Reflect  .    (helmet unavailable)
rElec   .          Rampage  .    (no cloak)
rCorr   .                        p - +0 pair of gloves
Will    .....                    (no boots) Stlth
                                 (no amulet)
HPRegen 0.29/turn                (no ring)
MPRegen 0.10/turn                (no ring)

@: no status effects
A: permanent stasis, dig shafts and tunnels, antennae 3, four strong arms
a: Dig, Shaft Self


You were on level 5 of the Dungeon.
You visited 1 branch of the dungeon, and saw 5 of its levels.

You collected 282 gold pieces.


Innate Abilities, Weirdness & Mutations

You cannot be hasted, slowed, berserked, paralysed or teleported.
You can dig through walls and to a lower floor.
You have a pair of large antennae on your head. (SInv)
Your four strong arms can wield two-handed weapons with a shield.


   Skills:
 + Level 7.1 Fighting
 + Level 3.1 Axes
 - Level 3.2 Armour
 - Level 4.0 Shields


You had 5 spell levels left.
You didn't know any spells.
Your spell library contained the following spells:

 Spells                   Type           Power      Damage    Failure   Level
 Freeze                   Ice            0%         1d3       82%         1
 Shock                    Conj/Air       0%         1d3       82%         1
 Static Discharge         Conj/Air       0%         2-2/arc   91%         2
 Frozen Ramparts          Ice            0%         1d1       99%         3
 Hailstorm                Conj/Ice       0%         3d3       99%         3
 Vhi's Electric Charge    Tloc/Air       0%         N/A       99%         3
 Airstrike                Air            0%         2d(0-16)  100%        4
 Arcjolt                  Conj/Air       0%         1d10      100%        5
 Plasma Beam              Fire/Air       0%         2x1d7     100%        5
 Summon Forest            Summ/Tloc      0%         N/A       100%        5
 Eringya's Noxious Bog    Tmut/Pois      0%         N/A       100%        6
 Summon Hydra             Summ           0%         N/A       100%        7
 Swiftness                Air            Unusable   N/A       N/A         3

Inventory:

Hand Weapons
 a - a +0 heavy war axe (weapon)
 d - a +1 whip of flaming
   (You took it off a kobold on level 1 of the Dungeon)
 q - a +0 hand axe
   (You took it off an orc on level 4 of the Dungeon)
Missiles
 k - a throwing net
Armour
 b - a +0 scale mail (worn)
 c - a +0 buckler (worn)
 p - a +0 pair of gloves (worn)
   (You found it on level 4 of the Dungeon)
Wands
 l - a wand of flame (8)
   (You found it on level 4 of the Dungeon)
 v - a wand of digging (5)
   (You found it on level 5 of the Dungeon)
 w - a wand of roots (11)
   (You found it on level 5 of the Dungeon)
Scrolls
 g - a scroll of enchant armour
 j - 2 scrolls of fog
 m - a scroll of amnesia
 s - a scroll of immolation
 t - a scroll of poison {unknown}
 x - a scroll of magic mapping
Potions
 e - 2 potions of curing
 f - a potion of magic
 h - a potion of cancellation {unknown}
 i - a potion of berserk rage {unknown}
 n - a potion of degeneration {unknown}
 o - 2 potions of resistance {unknown}
 r - a potion of heal wounds {unknown}
 u - 2 potions of might

Dungeon Overview and Level Annotations

Branches:
Dungeon (5/15) Zot: 26287
 Temple: D:4-7

Altars:
Ashenzari

Annotations:
D:4 2 runed translucent doors, Darius099's ghost, amateur MiFi
D:5 Blork the orc

#. #. .##.##. .. .
....... .# .# ##...##
.# ..# ##.....## .# #
#.###.......## :#.##
#.#.........###....###
#..........'.@.......
##.........###o...###
# ##.#.......## .#.##
###.###.....## .# #
...## ##...## .. .#.##
##+## ##
###.#####.#####
.#.###........# . #.##
#.##.###.########.#


You could see Blork the orc (strong).


Message History

An adder is nearby!
An adder is nearby!
An adder is nearby!
You completely miss the adder. The adder bites you.
You block the adder's attack. x2 😕 HP[-3]
You take 3 damage, and now have 52/55 hp.
Unknown command.
You closely miss the adder.
The adder bites you but does no damage. x3 😕 HP[+1]
You slash the adder!
You kill the adder! 😕 HP[+1] Unknown command.
No target in view!
Key pressed, stopping explore.
Unknown command. 😎 HP[+1]
Your hp is fully restored (55).
No target in view!
w - a wand of roots (11)
x - a scroll of magic mapping You sense a monster nearby.
A white imp comes into view.
The white imp shouts, "Crawl home, thou fobbing kobold-kissing canker-blossom!"
The white imp gestures at you. The puff of frost hits you. 😕 HP[-1]
You take 1 damage, and now have 54/55 hp.
A white imp is nearby! 😎 HP[+1]
Your hp is fully restored (55).
You slash the white imp!
The white imp shouts, "Fly, thou vain hell-hated mendicant!"
The white imp gestures at you. The puff of frost hits you.
You block the white imp's attack. 😕 HP[-6]
You take 6 damage, and now have 49/55 hp.
Unknown command.
You slash the white imp!
You kill the white imp!
No target in view! 😕 HP[+1] Unknown command.
No target in view!
Found a broken altar of Ashenzari. 😎 HP[+5]
Your hp is fully restored (55).
No target in view!
You open the door.
There is an open door here.
Key pressed, stopping explore.
You see here a +2 buckler.
Key pressed, stopping explore.
You see here an adder skeleton.
You open the door.
There is an open door here.
You now have 282 gold pieces (gained 14).
You open the door.
There is an open door here.
Key pressed, stopping explore.
o - 2 coppery potions (gained 1) As you open the door, it creaks loudly!
You hear a shout!
No target in view!
No target in view!
Blork the orc comes into view.
He is wielding a +0 halberd.
There is an open door here.
Blork the orc hits you but does no damage.
You block Blork the orc's attack.
You closely miss Blork the orc.
Blork the orc casts a cantrip, but nothing happens.
Blork the orc barely misses you.
Unknown command.
You barely miss Blork the orc.
Blork the orc points at you and mumbles some strange words.
The magic dart hits you!
Blork the orc hits you with a +0 halberd.
Blork the orc drinks a potion.
Blork the orc seems to grow stronger. 😕 HP[-11]
You take 11 damage, and now have 44/55 hp.
You hit Blork the orc.
Blork the orc hits you with a +0 halberd! x2
* * * LOW HITPOINT WARNING * * *
😨 HP[-19]
You take 19 damage, and now have 25/55 hp.
MASSIVE DAMAGE!! (PAUSE)
You hit Blork the orc. You block Blork the orc's attack.
Blork the orc points at you and mumbles some strange words.
You block the puff of frost. 😨 HP[+1]
You are too injured to fight recklessly!
Unknown command.
You hit Blork the orc.
Blork the orc barely misses you. x2 😨 HP[+1]
You closely miss Blork the orc.
Blork the orc hits you with a +0 halberd!!
* * * LOW HITPOINT WARNING * * *
Blork the orc hits you with a +0 halberd!
You die...

Skill      XL: |  1  2  3  4  5  6 |
---------------+-------------------+-----
Fighting       | 4 5 6 7 |  7.1
Axes           | 3 |  3.1
Armour         | |  3.2
Shields        | |  4.0

Action                     |  1- 3 |  4- 6 || total
---------------------------+-------+-------++-------
  Melee: Whip              |   105 |   154 ||   259
         War axe           |     7 |    17 ||    24
    Use: Potion            |     1 |     1 ||     2
         Scroll            |     3 |     9 ||    12
 Armour: Scale mail        |    48 |    71 ||   119
  Dodge: Dodged            |    50 |    64 ||   114
  Block: Buckler           |    32 |    35 ||    67

Levels and vault maps discovered:
D:1:      amcnicky_arrival_blooded_trapdoor, layout_rooms, minmay_cupped
D:2:      layout_basic
D:3:      layout_loops_cross, minivault_23, grunt_decor_one_mirror
D:4:      layout_basic, ebering_ghost_disaster_area,
          chequers_serial_rivers_micro_b
D:5:      layout_loops_corners, nicolae_overflow_hidden_temple,
          dreamdust_mushroom_princess, hangedman_decor_points,
          uniq_blork_the_orc

Notes
Turn   | Place    | Note
-------+----------+-------------------------------------------
     0 | D:1      | ytrimaz the Formicid Fighter began the quest for the Orb.
     0 | D:1      | Reached XP level 1. HP: 18/18 MP: 1/1
     0 | D:1      | magus.rc [v1.9.6]
    15 | D:1      | HP: 2/18 [rat (3)]
   143 | D:1      | Reached XP level 2. HP: 24/24 MP: 2/2
   372 | D:1      | Reached skill level 4 in Fighting
   372 | D:1      | Reached XP level 3. HP: 28/30 MP: 3/3
   890 | D:2      | You add the spells Summon Forest, Eringya's Noxious Bog and
                  | Summon Hydra to your library.
  1189 | D:2      | Identified the +6 sling of Foolhardiness {heavy, Contam
                  | rF++ rN+}
  1221 | D:2      | Reached XP level 4. HP: 29/38 MP: 4/4
  1607 | D:3      | Reached skill level 5 in Fighting
  1824 | D:3      | Reached XP level 5. HP: 39/45 MP: 5/5
  2135 | D:3      | You pick up a book of Lightning and begin reading...
  2135 | D:3      | You add the spells Static Discharge, Vhi's Electric Charge,
                  | Plasma Beam and Arcjolt to your library.
  2452 | D:4      | You pick up a book of Frost and begin reading...
  2452 | D:4      | You add the spells Freeze, Frozen Ramparts and Hailstorm to
                  | your library.
  2518 | D:4      | Reached skill level 6 in Fighting
  2886 | D:4      | Reached XP level 6. HP: 41/53 MP: 6/6
  2947 | D:4      | You pick up a book of Air and begin reading...
  2947 | D:4      | You add the spells Shock and Airstrike to your library.
  3149 | D:4      | Found a large runed translucent door.
  3149 | D:4      | Found a large runed translucent door.
  3207 | D:4      | Noticed Darius099's ghost (amateur MiFi)
  3239 | D:5      | Entered Level 5 of the Dungeon
  3413 | D:5      | Reached skill level 7 in Fighting
  3413 | D:5      | Reached skill level 3 in Axes
  3515 | D:5      | Found a broken altar of Ashenzari.
  3669 | D:5      | Noticed Blork the orc
  3677 | D:5      | HP: 7/55 [Blork the orc/+0 halberd (20)]
  3677 | D:5      | Mangled by Blork the orc

Vanquished Creatures
  2 scorpions
  4 adders
  4 gnolls (D:3)
  A white imp (D:5)
  A worm (D:4)
  3 dart slugs (D:1)
  13 orcs
  3 ball pythons
  6 endoplasms
  3 giant cockroaches
  9 goblins
  8 hobgoblins
  4 quokkas
  2 bats (D:2)
  3 frilled lizards
  6 kobolds
  9 rats
81 creatures vanquished.

Table legend:
 A = Non-vault XP
 B = Vault XP
 C = Vault XP percentage of total XP
 D = Non-vault monster count
 E = Vault monster count
 F = Vault count percentage of total count
                 A         B        C        D         E       F
            +---------+---------+-------+---------+---------+-------
      Total |     424 |       8 |   1.9 |      77 |       4 |   4.9
            +---------+---------+-------+---------+---------+-------
        D:1 |      42 |       8 |  16.0 |      21 |       4 |  16.0
        D:2 |      26 |       0 |   0.0 |      17 |       0 |   0.0
        D:3 |     101 |       0 |   0.0 |      19 |       0 |   0.0
        D:4 |     136 |       0 |   0.0 |      16 |       0 |   0.0
        D:5 |     119 |       0 |   0.0 |       4 |       0 |   0.0
            +---------+---------+-------+---------+---------+-------

Illustrated notes

Table legend:
 A = Kills in this place as a percentage of kills in the entire game.
 B = Kills by you in this place as a percentage of kills by you in the entire game.
 C = Kills by friends in this place as a percentage of kills by friends in the entire game.
 D = Other kills in this place as a percentage of other kills in the entire game.
 E = Experience gained in this place as a percentage of experience gained in the entire game.
 F = Experience gained in this place divided by the number of levels of this place that you have seen.
                   A       B       C       D       E      F
               +-------+-------+-------+-------+-------+----------------------
         Total | 100.0 | 100.0 |   N/A |   N/A | 100.0 |  86.4
       Dungeon | 100.0 | 100.0 |   N/A |   N/A | 100.0 |  86.4
               +-------+-------+-------+-------+-------+----------------------

Table legend: (Time is in decaauts)
 A = Elapsed time spent in this place.
 B = Non-inter-level travel time spent in this place.
 C = Inter-level travel time spent in this place.
 D = Time resting spent in this place.
 E = Time spent auto-exploring this place.
 F = Levels seen in this place.
 G = Mean time per level.
                   A        B        C        D        E       F      G
               +--------+--------+--------+--------+--------+-----+--------+
         Total |   3710 |   3590 |    120 |    161 |   2700 |   5 |  742.0 |
       Dungeon |   3710 |   3590 |    120 |    161 |   2700 |   5 |  742.0 |
               +--------+--------+--------+--------+--------+-----+--------+

Top non-repeatable levels by time:
     D:3: 889 daAuts
     D:4: 814 daAuts
     D:2: 790 daAuts
     D:1: 761 daAuts
     D:5: 454 daAuts
